 Dungeon Crawl Stone Soup version 0.26.1-2-gb8aa6d0cf2 (webtiles) character file.

Game seed: 12084926518296202721

41 sleeves the Skirmisher (level 3, 35/39 HPs)
             Began as an Ogre Delver on Mar 18, 2021.
             Quit the game on level 5 of the Dungeon.
             The game lasted 00:03:32 (872 turns).

sleeves the Skirmisher (Ogre Delver)                 Turns: 872, Time: 00:03:33

Health: 35/39      AC:  4    Str: 17    XL:     3   Next: 52%
Magic:  3/3        EV: 10    Int: 11    God:
Gold:   26         SH:  0    Dex: 10    Spells: 2/2 levels left

rFire    . . .     SeeInvis .   a - +0 spear
rCold    . . .     Faith    .   (no shield)
rNeg     . . .     Spirit   .   b - +0 robe
rPois    .         Reflect  .   (helmet restricted)
rElec    .         Harm     .   e - +0 cloak
rCorr    .         Rampage  .   (gloves unavailable)
Will     .....                  (boots unavailable)
Stlth    ++........             (no amulet)
HPRegen  0.13/turn              (no ring)
MPRegen  0.08/turn              (no ring)

@: mildly poisoned (35 -> 31)
A: large, unfitting armour, tough skin 1
a: no special abilities


You were on level 5 of the Dungeon.
You visited 1 branch of the dungeon, and saw 2 of its levels.

You collected 26 gold pieces.

Inventory:

Hand Weapons
 a - a +0 spear (weapon)
Armour
 b - a +0 robe (worn)
 e - a +0 cloak (worn)
   (You found it on level 5 of the Dungeon)
Wands
 g - a wand of digging (3)
Scrolls
 c - a scroll of fog
 d - a scroll of magic mapping


   Skills:
 - Level 4.0 Fighting
 + Level 3.8 Polearms
 - Level 1.7 Dodging
 - Level 3.7 Stealth


You had 2 spell levels left.
You didn't know any spells.
Your spell library was empty.

Dungeon Overview and Level Annotations

Branches:
Dungeon (6/15)
 Temple: D:4-7

Altars:

Annotations:
D:5 Dowan
D:6 Menkaure


Innate Abilities, Weirdness & Mutations

You are too large for most types of armour.
You have tough skin. (AC +1)


Message History

You hear the hiss of flowing sand.
There is an entrance to an ossuary on this level.
Hurry and find it before the portal is buried!
Welcome, sleeves the Ogre Delver.
The bosom of this dungeon contains the fabulous artefact, the Orb of Zot.
Press ? for a list of commands and other information.
Found 4 gold pieces, a scroll labelled MEMODO NISIAMA and 26 stones.
Found a stone staircase leading down.
You hear the hiss of flowing sand.
There is an entrance to an ossuary on this level.
Hurry and find it before the portal is buried!
Welcome back, sleeves the Ogre Delver.
Press ? for a list of commands and other information.
Found 21 arrows.
You now have 4 gold pieces.
h - a scroll labelled MEMODO NISIAMA
There is a stone staircase leading down here.
You climb downwards.
Menkaure, Prince of Dust comes into view.
Found a scroll labelled MOLIZX XUUL.
There is a stone staircase leading up here.
Okay, then.
You reach to attack!
The helpless Menkaure fails to defend himself.
You hit Menkaure.
Menkaure is lightly damaged.
Menkaure casts a spell at you. Pain shoots through your body!
You climb upwards.
You hear the hiss of flowing sand.
There is an entrance to an ossuary on this level.
Hurry and find it before the portal is buried!
There is a stone staircase leading down here.
You see here 21 arrows.
Found a dagger.
An adder skeleton comes into view.
You see here a dagger.
Unknown command.
Reach: a) +0 spear
Press: ? - help, Dir - move target, f - adder skeleton
Aim: an adder skeleton (dormant)
You reach to attack!
The helpless adder skeleton fails to defend itself.
You hit the adder skeleton.
The adder skeleton is lightly damaged.
You hear the slow hiss of a distant avalanche of sand.
Reach: a) +0 spear
Press: ? - help, Dir - move target, f/p - adder skeleton
Aim: an adder skeleton (lightly damaged)
You hit the adder skeleton but do no damage.
The adder skeleton is lightly damaged.
The adder skeleton barely misses you.
Reach: a) +0 spear
Press: ? - help, Dir - move target, f/p - adder skeleton
Aim: an adder skeleton (lightly damaged)
You hit the adder skeleton.
The adder skeleton is heavily damaged.
The adder skeleton bites you.
Reach: a) +0 spear
Press: ? - help, Dir - move target, f/p - adder skeleton
Aim: an adder skeleton (heavily damaged)
You closely miss the adder skeleton.
The adder skeleton is heavily damaged.
The adder skeleton closely misses you.
Reach: a) +0 spear
Press: ? - help, Dir - move target, f/p - adder skeleton
Aim: an adder skeleton (heavily damaged)
You hit the adder skeleton.
The adder skeleton is severely damaged.
The adder skeleton barely misses you.
Reach: a) +0 spear
Press: ? - help, Dir - move target, f/p - adder skeleton
Aim: an adder skeleton (severely damaged)
You hit the adder skeleton.
The adder skeleton is severely damaged.
The adder skeleton bites you but does no damage.
Reach: a) +0 spear
Press: ? - help, Dir - move target, f/p - adder skeleton
Aim: an adder skeleton (severely damaged)
You hit the adder skeleton.
You destroy the adder skeleton!
Reach: a) +0 spear
Press: ? - help, Dir - move target, f - you That would be overly suicidal.
Okay, then.
You start resting.
HP restored.
Found 12 gold pieces.
You hear the slow hiss of a distant avalanche of sand.
You now have 16 gold pieces (gained 12).
You hear the slow hiss of a distant avalanche of sand.
A frilled lizard comes into view.
A hound comes into view.
The hound barks!
Found 10 gold pieces.
You hit the hound.
The hound is moderately wounded.
The hound bites you. The hound misses you.
Okay, then.
Okay, then.
Unknown command.
Okay, then.
You closely miss the hound.
The hound is moderately wounded.
The hound bites you.
You hit the hound but do no damage.
The hound is moderately wounded.
The hound bites you but does no damage. The frilled lizard bites you.
The hound barely misses you.
You feel yourself speed up. The hound bites you.
The frilled lizard closely misses you.
You barely miss the hound.
The hound is moderately wounded.
The hound barely misses you. The frilled lizard bites you.
You closely miss the hound.
The hound is moderately wounded.
The hound bites you but does no damage.
You hit the hound but do no damage.
The hound is moderately wounded.
The hound bites you but does no damage. The frilled lizard closely misses you.
You hit the hound.
The hound is heavily wounded.
The hound bites you.
* * * LOW HITPOINT WARNING * * *
The frilled lizard bites you.
* * * LOW HITPOINT WARNING * * *
You hit the hound.
The hound is severely wounded.
The hound bites you but does no damage.
You barely miss the hound.
The hound is severely wounded.
The hound barely misses you. The frilled lizard bites you.
* * * LOW HITPOINT WARNING * * *
You hit the hound.
You kill the hound!
Your Polearms skill increases to level 3!
You have reached level 2!
You have reached level 3!
Your experience leads to an increase in your attributes!
Increase (S)trength, (I)ntelligence, or (D)exterity?
You feel stronger. x2
You hit the frilled lizard but do no damage.
The frilled lizard bites you.
* * * LOW HITPOINT WARNING * * *
You hit the frilled lizard.
You kill the frilled lizard!
You now have 26 gold pieces (gained 10).
A shadow imp comes into view.
The shadow imp shouts, "Fly, thou beslubbering weather-bitten baggage!"
Reach: a) +0 spear
Press: ? - help, Dir - move target, f - shadow imp
Aim: a shadow imp You reach to attack!
You puncture the shadow imp!
The shadow imp is severely wounded.
Reach: a) +0 spear
Press: ? - help, Dir - move target, f/p - shadow imp
Aim: a shadow imp (severely wounded)
You hit the shadow imp but do no damage.
The shadow imp is severely wounded.
Reach: a) +0 spear
Press: ? - help, Dir - move target, f/p - shadow imp
Aim: a shadow imp (severely wounded)
You hit the shadow imp.
The shadow imp is severely wounded.
The shadow imp closely misses you.
Reach: a) +0 spear
Press: ? - help, Dir - move target, f/p - shadow imp
Aim: a shadow imp (severely wounded)
You barely miss the shadow imp.
The shadow imp is severely wounded.
The shadow imp barely misses you.
Reach: a) +0 spear
Press: ? - help, Dir - move target, f/p - shadow imp
Aim: a shadow imp (severely wounded)
You closely miss the shadow imp.
The shadow imp is severely wounded.
Reach: a) +0 spear
Press: ? - help, Dir - move target, f/p - shadow imp
Aim: a shadow imp (severely wounded)
You hit the shadow imp.
The shadow imp is almost dead.
The shadow imp gestures at you. Pain shoots through your body!
* * * LOW HITPOINT WARNING * * *
Reach: a) +0 spear
Press: ? - help, Dir - move target, f/p - shadow imp
Aim: a shadow imp (almost dead)
You hit the shadow imp but do no damage.
The shadow imp is almost dead.
The shadow imp puffs mist at you. The shadow imp misses you.
Reach: a) +0 spear
Press: ? - help, Dir - move target, f/p - shadow imp
Aim: a shadow imp (almost dead)
You hit the shadow imp.
You kill the shadow imp!
You start resting.
You hear the hiss of an avalanche of sand nearby.
You start resting.
Your extra speed is starting to run out.
You start resting.
You feel yourself slow down.
You start resting.
You hear the hiss of an avalanche of sand nearby.
You start resting.
You hear the brisk hiss of an avalanche of sand nearby.
You start resting.
You hear the brisk hiss of an avalanche of sand nearby.
You start resting.
You hear the brisk hiss of an avalanche of sand nearby.
You start resting.
HP restored.
You hear the quick hiss of an avalanche of sand nearby.
A sky beast comes into view.
Okay, then.
Okay, then.
You aren't carrying any potions.
Unknown command.
The sky beast flickers out of sight!
Deactivating autopickup; reactivate with Ctrl-A.
A sky beast appears from thin air!
Reactivating autopickup.
You see here a hound skeleton.
The sky beast flickers out of sight!
Deactivating autopickup; reactivate with Ctrl-A.
You see here a dagger.
You hear the quick hiss of a distant avalanche of sand.
A sky beast appears from thin air!
Reactivating autopickup.
The sky beast flickers out of sight!
Deactivating autopickup; reactivate with Ctrl-A.
A sky beast appears from thin air!
Reactivating autopickup.
You see here 21 arrows.
The sky beast flickers out of sight!
Deactivating autopickup; reactivate with Ctrl-A.
A shadow imp comes into view.
Dowan, Brother of Duvessa comes into view.
He is wielding a +0 dagger and wearing a +2 robe of resistance.
A sky beast appears from thin air!
Reactivating autopickup.
The sky beast closely misses you.
Reach: a) +0 spear
Press: ? - help, Dir - move target, f - sky beast
Aim: a sky beast You hit the sky beast.
The sky beast is lightly wounded.
The sky beast flickers out of sight!
Deactivating autopickup; reactivate with Ctrl-A.
Something hits you but does no damage. Something hits you.
Something shocks you. Something hits you. Something shocks you.
You see here 21 arrows.
You enter the shallow water.
Moving in this stuff is going to be slow.
A sky beast appears from thin air!
Reactivating autopickup.
Reach: a) +0 spear
Press: ? - help, Dir - move target, f/p - sky beast
Aim: a sky beast You miss the sky beast.
The sky beast hits you but does no damage.
Reach: a) +0 spear
Press: ? - help, Dir - move target, f/p - sky beast
Aim: a sky beast You hit the sky beast.
The sky beast is lightly wounded.
You hear the rapid hiss of a distant avalanche of sand.
The sky beast barely misses you.
Reach: a) +0 spear
Press: ? - help, Dir - move target, f/p - sky beast
Aim: a sky beast (lightly wounded)
You closely miss the sky beast.
The sky beast is lightly wounded.
The sky beast hits you. The sky beast shocks you.
* * * LOW HITPOINT WARNING * * *
Reach: a) +0 spear
Press: ? - help, Dir - move target, f/p - sky beast
Aim: a sky beast (lightly wounded)
You closely miss the sky beast.
The sky beast is lightly wounded.
The sky beast barely misses you.
Reach: a) +0 spear
Press: ? - help, Dir - move target, f/p - sky beast
Aim: a sky beast (lightly wounded)
You hit the sky beast.
The sky beast is lightly wounded.
The sky beast hits you but does no damage.
Reach: a) +0 spear
Press: ? - help, Dir - move target, f/p - sky beast
Aim: a sky beast (lightly wounded)
You puncture the sky beast!
The sky beast is moderately wounded.
The sky beast hits you.
* * * LOW HITPOINT WARNING * * *
The sky beast shocks you.
* * * LOW HITPOINT WARNING * * *
As you read the scroll of fear, it crumbles to dust.
You assume a fearsome visage.
The sky beast looks frightened!
You see here a dagger.
You start resting.
You hear the rapid hiss of a distant avalanche of sand.
You start resting.
You hear the rapid hiss of a distant avalanche of sand.
You start resting.
The hiss of flowing sand is almost imperceptible now.
You start resting.
The walls and floor vibrate strangely for a moment.
You start resting.
A sky beast is nearby!
You see here a dagger.
You start resting.
HP restored.
You see here 21 arrows.
Found a cloak.
e - a cloak You start putting on your armour.
You continue putting on your cloak. x4
You finish putting on your +0 cloak.
The shadow imp shouts!
A worker ant comes into view.
Reach: a) +0 spear
Press: ? - help, Dir - move target, f - shadow imp
Aim: a shadow imp You hit the shadow imp but do no damage.
The shadow imp hits you.
The shadow imp shouts, "Give up, thou beslubbering pigeon-egg beggar!"
Okay, then.
You aren't carrying any potions.
As you read the scroll labelled MEMODO NISIAMA, it crumbles to dust.
You hear a loud clanging noise!
It was a scroll of noise.
You hear a shout!
You hear an angry hiss. x2
The shadow imp hits you.
Okay, then.
You aren't carrying any potions.
The shadow imp laughs crazily.
The sky beast misses you.
The sky beast hits you but does no damage.
The worker ant bites you.
You are poisoned.
The worker ant poisons you!
You feel sick.
Are you sure you want to abandon this character and quit the game? (Confirm with "yes".)

#...# ##..# #...#
##.# #...## ##..#
##...# ##..##
##..## ##..## .
#...# ##..## .
##...#####..## .#
####.....##....#
..##..........5B@##
......>........Y##
................#
....######......##
....# ####....#
..B.### ##(..#
......# ##..#
.......# #..#
.......# ##.#


You could see a sky beast, a worker ant and a shadow imp.

Vanquished Creatures
  A hound (D:5)
  A shadow imp (D:5)
  An adder skeleton (D:5)
  A frilled lizard (D:5)
4 creatures vanquished.

Notes
Turn   | Place    | Note
-------+----------+-------------------------------------------
     0 | D:5      | sleeves the Ogre Delver began the quest for the Orb.
     0 | D:5      | Reached XP level 1. HP: 24/24 MP: 1/1
    19 | D:6      | Noticed Menkaure
   166 | D:5      | Noticed a hound
   175 | D:5      | HP: 12/24 [hound (3)]
   178 | D:5      | Killed a hound
   179 | D:5      | Reached skill level 3 in Polearms
   179 | D:5      | Reached XP level 2. HP: 13/32 MP: 2/2
   179 | D:5      | Reached XP level 3. HP: 16/39 MP: 3/3
   200 | D:5      | HP: 5/39 [shadow imp/nerve-wracking pain (12)]
   491 | D:5      | Noticed a sky beast
   551 | D:5      | Noticed Dowan
   578 | D:5      | HP: 18/39 [sky beast (5)]
   872 | D:5      | Quit the game

Illustrated notes

Levels and vault maps discovered:
D:5:      layout_layer_cave, minmay_temple_entry_tees,
          nicolae_ossuary_entry_catacombs, basic_altar,
          ebering_ghost_reflecting_pool, uniq_duvessa
D:6:      layout_rooms, grunt_dithmenos_shadows, uniq_menkaure,
          uniq_crazy_yiuf_cottage, uniq_maggie

Skill      XL: |  1 |
---------------+----+-----
Polearms       | 3 |  3.8
Fighting       | |  4.0
Dodging        | |  1.7
Stealth        | |  3.7

Action                   || total
-------------------------++-------
Melee: Spear             ||    36
  Use: Potion            ||     1
       Scroll            ||     2
 Stab: Sleeping          ||     2
Armor: Robe              ||     9
Dodge: Dodged            ||    16
